 Dungeon Crawl Stone Soup version 0.20-a0-151-g755e310 (webtiles) character file.

640 KristoblXynda the Shield-Bearer (level 7, -1/56 HPs)
             Began as a Demigod Fighter on Nov 22, 2016.
             Succumbed to a gnoll sergeant's poison
             ... on level 4 of the Dungeon.
             The game lasted 00:06:29 (2868 turns).

KristoblXynda the Shield-Bearer (Demigod Fighter)   Turns: 2868, Time: 00:06:31

Health: -1/56      AC:  9    Str: 21    XL:     7   Next: 5%
Magic:  9/9        EV:  7    Int: 14    God:
Gold:   278        SH: 11    Dex: 22    Spells: 6/6 levels left

rFire  . . .     SeeInvis .     a - +1 war axe
rCold  . . .     Gourm    .     b - +0 scale mail
rNeg   . . .     Faith    .     c - +0 shield
rPois  .         Spirit   .     w - +1 helmet
rElec  .         Reflect  .     (no cloak)
rCorr  .         Harm     .     (no gloves)
MR     .....                    (no boots)
Stlth  +.........               (no amulet)
                                (no ring)
                                e - +5 ring of dexterity

@: lethally poisoned (-1 -> -42)
A: thin skeletal structure 1, high mp 1, evolution 1
a: no special abilities


You were on level 4 of the Dungeon.
You were not hungry.

You visited 1 branch of the dungeon, and saw 4 of its levels.

You collected 278 gold pieces.

Inventory:

Hand Weapons
 a - a +1 war axe (weapon)
 x - a +0 whip of venom
Armour
 b - a +0 scale mail (worn)
 c - a +0 shield (worn)
 w - a +1 helmet (worn)
Jewellery
 e - a +5 ring of dexterity (left hand)
Scrolls
 d - a scroll of immolation
 i - a scroll of recharging
 l - 2 scrolls of blinking
 o - a scroll of remove curse
 q - a scroll of teleportation
Potions
 g - 2 potions of brilliance
 k - a potion of magic
 p - a potion of invisibility {unknown}
 t - a potion of haste {unknown}
 u - a potion of resistance {unknown}
Books
 r - a book of Changes

   Spells                             Type                      Level
   a - Beastly Appendage              Transmutation                1
   b - Sticks to Snakes               Transmutation                2
   c - Spider Form                    Transmutation/Poison         3
   d - Ice Form                       Ice/Transmutation            4
   e - Blade Hands                    Transmutation                5
Comestibles
 f - 6 bread rations
 h - a beef jerky
 j - 2 fruits
 m - a meat ration
 n - a royal jelly


   Skills:
 - Level 2.6 Fighting
 + Level 4.2 Axes
 + Level 5.0 Armour
 + Level 5.1 Shields


You had 6 spell levels left.
You didn't know any spells.

Dungeon Overview and Level Annotations

Branches:
Dungeon (4/15)
 Temple: D:4-7


Innate Abilities, Weirdness & Mutations

You have an increased reservoir of magic. (+10% MP)
You have a somewhat thin skeletal structure. (Dex +2, Stealth)
You evolve.


Message History

You feel very sick. You block the gnoll sergeant's attack.
The gnoll sergeant blocks your attack.
* * * LOW HITPOINT WARNING * * *
You feel very sick.
The gnoll sergeant hits you with a spear of venom.
* * * LOW HITPOINT WARNING * * *
You are more poisoned.
The gnoll sergeant hits you with a spear of venom.
* * * LOW HITPOINT WARNING * * *
You are more poisoned.
You slash the gnoll sergeant!
The gnoll sergeant is moderately wounded.
* * * LOW HITPOINT WARNING * * *
You feel very sick. You block the gnoll sergeant's attack.
Unknown command.
You hit the gnoll sergeant but do no damage.
The gnoll sergeant is moderately wounded.
You die...

...######.#.####.#.#.#.#.
........#.#......#.#.#...
........#.#.######.#.##..
##.......................
............####.#.#.###. #.
#######...##### #.#.# #. #)
..#.)...... #.≈♣♣♣♣♣ #.
###.#.g###### ##♣≈≈≈P≈≈
#.#.##.#.#[@# ♣♣♣≈≈≈P≈≈≈≈ #.
#.#......#..###♣♣♣≈≈≈≈≈≈≈≈≈≈
#.####.######......♣≈≈≈≈≈≈≈≈≈P≈≈≈
#............<)..#≈≈≈≈≈≈≈≈P≈≈≈PP≈
#.#.#.#.########.##≈≈≈≈≈≈≈≈≈≈PP..
.................###P♣♣P≈≈.≈...≈.
#.#.#.#..######### ##............
.........# ######.........≈..
#.#.#.#..# #..........≈..≈≈≈≈


You could see a gnoll sergeant.

Vanquished Creatures
  The ghost of KristoblXynda the Skirmisher, an amateur DrMo of Cheibriados (D:3)
  Eustachio (D:4)
  A hound (D:4)
  Jessica (D:3)
  An iguana (D:4)
  3 orc wizards (D:4)
  3 worker ants (D:4)
  Robin (D:3)
  An adder (D:3)
  An ooze (D:2)
  An adder skeleton (D:4)
  3 worms
  2 dart slugs
  A leopard gecko (D:3)
  12 orcs
  4 giant cockroaches
  12 goblins
  14 hobgoblins
  3 jackals (D:4)
  2 quokkas
  4 bats
  6 frilled lizards
  6 kobolds
  4 rats
88 creatures vanquished.

Notes
Turn   | Place    | Note
-------+----------+-------------------------------------------
     0 | D:1      | KristoblXynda the Demigod Fighter began the quest for the Orb.
     0 | D:1      | Reached XP level 1. HP: 18/18 MP: 3/3
   296 | D:1      | Reached XP level 2. HP: 21/25 MP: 4/4
   745 | D:2      | Reached XP level 3. HP: 27/30 MP: 5/5
   751 | D:2      | Found a shadowy altar of Dithmenos.
  1056 | D:3      | Noticed Robin
  1068 | D:3      | Killed Robin
  1090 | D:3      | Noticed KristoblXynda's ghost (amateur DrMo)
  1112 | D:3      | Killed KristoblXynda's ghost
  1112 | D:3      | Reached XP level 4. HP: 23/37 MP: 6/6
  1112 | D:3      | Reached XP level 5. HP: 26/42 MP: 7/7
  1568 | D:3      | Noticed Jessica
  1580 | D:3      | Killed Jessica
  1718 | D:4      | Reached XP level 6. HP: 14/50 MP: 8/8
  1719 | D:4      | Noticed Eustachio
  1954 | D:4      | Gained mutation: You evolve. [potion of mutation]
  1954 | D:4      | Gained mutation: You have a somewhat thin skeletal structure. (Dex +2, Stealth) [potion of mutation]
  1954 | D:4      | Gained mutation: Scrolls take you a little longer to read. [potion of mutation]
  2006 | D:4      | Found a sparkling altar of Nemelex Xobeh.
  2009 | D:4      | Found a hide-covered altar of Uskayaw.
  2027 | D:4      | Found a deep blue altar of Sif Muna.
  2030 | D:4      | Found a radiant altar of Vehumet.
  2219 | D:4      | Killed Eustachio
  2744 | D:4      | Reached skill level 5 in Shields
  2754 | D:4      | Lost mutation: Scrolls take you a little longer to read. [evolution]
  2755 | D:4      | Reached XP level 7. HP: 33/56 MP: 9/9
  2787 | D:4      | Reached skill level 5 in Armour
  2868 | D:4      | Succumbed to a gnoll sergeant's poison

Vault maps used:
D:1:      dpeg_arrival_round_b, interstate_on_off
D:2:      old_standard_altar
D:3:      uniq_robin, uniq_jessica
D:4:      grunt_temple_overflow_cloverleaf, first_bread, small_statue_alley_b,
          serial_bayou_ford_a, st_stairs_12, uniq_eustachio,
          uniq_crazy_yiuf_cottage

Skill      XL: |  1  2  3  4  5  6  7 |
---------------+----------------------+-----
Armour         | 3 4 5 |  5.0
Axes           | 2 3 4 |  4.2
Shields        | 3 4 5 |  5.1
Fighting       | |  2.6

Action                   |  1- 3 |  4- 6 |  7- 9 || total
-------------------------+-------+-------+-------++-------
Melee: War axe           |   120 |   171 |    15 ||   306
       Whip              |       |    37 |       ||    37
  Use: Potion            |     4 |     2 |     1 ||     7
       Scroll            |       |    13 |       ||    13
  Eat: Fruit             |     1 |       |       ||     1
       Chunk             |       |     6 |       ||     6
Armor: Scale mail        |    63 |    89 |     3 ||   155
Dodge: Dodged            |    40 |    71 |     2 ||   113
Block: Shield            |    77 |   123 |     9 ||   209
